 Dungeon Crawl Stone Soup version bcrawl-1.27.6 (webtiles) character file.

Game seed: 4254592748923128164

164036 Faustar the Skirmisher (level 5, -2/51 HPs)
             Began as a Gargoyle Berserker on Sept 16, 2020.
             Was a Follower of Trog.
             Slain by a jackal (3 damage)
             ... on level 3 of the Dungeon.
             The game lasted 00:02:24 (1667 turns).

Faustar the Skirmisher (Gargoyle Berserker)         Turns: 1667, Time: 00:02:24

Health: -2/51      AC:  0    Str: 26    XL:     5   Next: 3%
Magic:  5/5        EV: 12    Int:  8    God:    Trog [*.....]
Gold:   61         SH:  0    Dex:  9    Spells: 4/4 levels left

rFire    . . .     SeeInvis .   n - +0 flail
rCold    . . .     Gourm    .   (no shield)
rNeg     + . .     Faith    .   b - +0 animal skin
rPois    ∞         Spirit   .   (no helmet)
rElec    +         Reflect  .   (no cloak)
rCorr    .         Harm     .   (no gloves)
MR       .....     Rnd*Tele +   c - +0 pair of boots
Stlth    ..........             (no amulet)
HPRegen  0.17/turn              f - ring of wizardry
MPRegen  0.09/turn              o - ring of teleportation (curse)

@: berserking, corroded, very quick
A: negative energy resistance 1, electricity resistance, unbreathing,
petrification resistance, rot immunity, AC +4
a: Berserk, Renounce Religion


You were on level 3 of the Dungeon.
You worshipped Trog.
Trog was aware of your devotion.
You were hungry.

You visited 1 branch of the dungeon, and saw 3 of its levels.

You collected 61 gold pieces.

Inventory:

Hand Weapons
 a - a +0 mace
 n - a +0 flail (weapon)
Armour
 b - a +0 animal skin (worn)
 c - a +0 pair of boots (worn)
Jewellery
 f - a ring of wizardry (left hand)
 o - a cursed ring of teleportation (right hand)
Scrolls
 g - 4 scrolls of identify
 i - 3 scrolls of fear {unknown}
 j - 2 scrolls of magic mapping {unknown}
Potions
 d - a potion of curing {unknown}
 h - a potion of berserk rage {unknown}
 k - a potion of flight {unknown}
 l - a potion of invisibility {unknown}
 m - a potion of lignification {unknown}
Comestibles
 e - 4 rations {!d}


   Skills:
 + Level 4.9 Fighting
 + Level 4.4 Maces & Flails
 - Level 2.1 Armour
 - Level 1.5 Dodging


You had 4 spell levels left.
You didn't know any spells.
Your spell library was empty.

Dungeon Overview and Level Annotations

Branches:
Dungeon (3/12)

Altars:
Kikubaaqudgha


Innate Abilities, Weirdness & Mutations

You are resistant to torment.
Your stone body is resilient. (AC +4)
You are immune to poison.
You resist negative energy. (rN+)
You are resistant to electric shocks. (rElec)
You can survive without breathing.
You are immune to petrification.
You are immune to rotting.


Message History

The jackal closely misses you. The jelly hits you.
You are splashed with acid.
* * * LOW HITPOINT WARNING * * *
The adder closely misses you. The jackal barely misses you.
You sock the jelly!
You kill the jelly!
Trog accepts your kill. The adder bites you.
* * * LOW HITPOINT WARNING * * *
The jackal bites you.
* * * LOW HITPOINT WARNING * * *
You thump the adder!
You kill the adder!
Trog accepts your kill.
You have reached level 5!
The jackal bites you.
* * * LOW HITPOINT WARNING * * *
You barely miss the jackal. The jackal bites you.
* * * LOW HITPOINT WARNING * * *
You closely miss the jackal. The jackal bites you.
You die...

.##.... #.<## .. .....?
.####..# ...
....#..<...#.##
.!?##.............###
........##.#####....####
........## ##......#
........## ##......
.........#.# #......
......h@...# #......
.......†..## ##....)
.........## #.....
.........# #.....
.#.......# #.....
#.......# #.....
#.......# #.....
#..!....#


You could see a jackal.

Vanquished Creatures
  A jelly (D:3)
  A worker ant (D:3)
  An adder (D:3)
  An adder skeleton (D:2)
  4 worms (D:2)
  A dart slug (D:2)
  A leopard gecko (D:1)
  2 orcs (D:2)
  A ball python (D:2)
  3 bats
  2 giant cockroaches
  4 goblins (D:1)
  5 hobgoblins
  5 jackals
  2 kobolds (D:1)
  A frilled lizard (D:1)
  4 rats (D:1)
39 creatures vanquished.

Notes
Turn   | Place    | Note
-------+----------+-------------------------------------------
     0 | D:1      | Faustar the Gargoyle Berserker began the quest for the Orb.
     0 | D:1      | Reached XP level 1. HP: 14/14 MP: 1/1
   123 | D:1      | Reached XP level 2. HP: 12/19 MP: 2/2
   725 | D:1      | Reached XP level 3. HP: 24/24 MP: 3/3
  1467 | D:2      | Found an ancient bone altar of Kikubaaqudgha.
  1639 | D:3      | Reached XP level 4. HP: 26/30 MP: 4/4
  1665 | D:3      | Reached XP level 5. HP: 3/34 MP: 5/5
  1665 | D:3      | HP: 2/51 [jackal (1)]
  1667 | D:3      | Slain by a jackal

Skill      XL: |  1  2  3 |
---------------+----------+-----
Fighting       | 4 |  4.9
Maces & Flails | 4 |  4.4
Armour         | |  2.1
Dodging        | |  1.5

Action                   |  1- 3 |  4- 6 || total
-------------------------+-------+-------++-------
Melee: Mace              |    98 |       ||    98
       Flail             |    19 |    12 ||    31
Invok: Berserk           |     2 |     1 ||     3
  Eat: Chunk             |     4 |       ||     4
       Ration            |     1 |       ||     1
Armor: Animal skin       |    35 |    11 ||    46
Dodge: Dodged            |    75 |    17 ||    92
